 Dungeon Crawl Stone Soup version 0.20.1-1-g8b1a95d (webtiles) character file.

35068 Softman25 the Carver (level 13, -12/122 HPs)
             Began as a Minotaur Fighter on Sept 28, 2017.
             Mangled by an alligator snapping turtle (33 damage)
             ... on level 6 of the Lair of Beasts.
             The game lasted 00:31:28 (15406 turns).

Softman25 the Carver (Minotaur Fighter)            Turns: 15406, Time: 00:31:28

Health: -12/122    AC: 23    Str: 26    XL:     13   Next: 45%
Magic:  12/12      EV: 19    Int:  9    God:    Xom [*.....]
Gold:   1083       SH: 13    Dex: 14    Spells: 12/12 levels left

rFire    + . .     SeeInvis .   d - +4 scimitar
rCold    + . .     Gourm    .   x - +0 shield of the Big Bang {rF+ MR+ Str+4 Stlth+}
rNeg     . . .     Faith    .   z - +0 chain mail
rPois    +         Spirit   .   (helmet restricted)
rElec    .         Reflect  .   (no cloak)
rCorr    .         Harm     .   (no gloves)
MR       +....                  e - +2 pair of boots {Stlth+}
Stlth    ..........             (no amulet)
Regen    0.3/turn               t - +3 ring of evasion
MPRegen  0.2/turn               J - +3 ring of protection

@: no status effects
A: retaliatory headbutt, horns 2, repulsion field 1, iridescent scales 1, thin
metallic scales 1, blurry vision 1, clever 2, cold resistance 1, poison
resistance, wild magic 1
a: Renounce Religion


You were on level 6 of the Lair of Beasts.
You worshipped Xom.
You were a special plaything of Xom.
You were very full.

You visited 2 branches of the dungeon, and saw 17 of its levels.
You also visited: Ossuary.

You collected 1131 gold pieces.
You spent 48 gold pieces at shops.

Inventory:

Hand Weapons
 d - a +4 scimitar (weapon)
Missiles
 r - a throwing net (quivered)
Armour
 e - a +2 pair of boots of stealth (worn)
 x - the +0 shield of the Big Bang (worn) {rF+ MR+ Str+4 Stlth+}
   (You acquired it in an ossuary)

   It affects your strength (+4).
   It protects you from fire.
   It affects your resistance to hostile enchantments.
   It makes you more stealthy.
 z - a +0 chain mail (worn)
Jewellery
 m - an uncursed ring of see invisible
 q - an uncursed ring of poison resistance
 t - a +3 ring of evasion (left hand)
 E - an uncursed amulet of the gourmand {unknown}
 J - a +3 ring of protection (right hand)
Wands
 a - a wand of lightning (8/15)
 p - a wand of polymorph (11/24)
 y - a wand of lightning (4/15)
 C - a wand of acid (10/15)
 L - a wand of confusion (20/48)
Scrolls
 b - 2 scrolls of blinking
 g - 8 scrolls of teleportation
 h - 3 scrolls of fog
 i - 6 scrolls of remove curse {@r2}
 j - 2 scrolls of recharging
 o - 3 scrolls of amnesia
 G - 4 scrolls of identify {@r1}
 H - 2 scrolls of enchant armour
 K - 5 scrolls of magic mapping
Potions
 c - 2 potions of resistance
 n - 6 potions of curing {@q1}
 u - 3 potions of brilliance
 v - a potion of haste
 w - 3 potions of heal wounds
 A - 2 potions of mutation
 I - a potion of cancellation
Comestibles
 f - 11 bread rations
 k - 11 meat rations
 l - 23 fruits
 B - 5 royal jellies


   Skills:
 + Level 13.2 Fighting
 - Level 14.0 Long Blades
 * Level 12.7 Armour
 * Level 11.2 Dodging
 - Level 10.7 Shields


You had 12 spell levels left.
You didn't know any spells.

Dungeon Overview and Level Annotations

Branches:
Dungeon (11/15)            Temple (0/1) D:5            Lair (6/6) D:10
 Shoals (0/4) Lair:3       Spider (0/4) Lair:3
  Slime: Lair:5-6       Orc: D:9-12

Altars:
Elyvilon
Xom

Shops:
D:10 !


Innate Abilities, Weirdness & Mutations

You reflexively headbutt those who attack you in melee.
You have a pair of horns on your head.
You are surrounded by a mild repulsion field. (EV +2)
You are partially covered in iridescent scales. (AC +2)
You are partially covered in thin metallic scales. (AC +2)
Scrolls take you a little longer to read.
Your mind is very acute. (Int +4)
Your flesh is cold resistant. (rC+)
Your system is resistant to poisons. (rPois)
Your spells are a little harder to cast, but a little more powerful.


Message History

You headbutt the alligator snapping turtle!
The alligator snapping turtle is heavily wounded.
You hit the alligator snapping turtle.
You headbutt the alligator snapping turtle, but do no damage.
The alligator snapping turtle is heavily wounded.
The alligator snapping turtle misses you.
You furiously retaliate!
You headbutt the alligator snapping turtle, but do no damage.
You slash the alligator snapping turtle!
The alligator snapping turtle is heavily wounded.
You hit the alligator snapping turtle but do no damage.
The alligator snapping turtle is heavily wounded.
You block the alligator snapping turtle's attack.
You hit the alligator snapping turtle but do no damage.
The alligator snapping turtle is heavily wounded.
You hit the alligator snapping turtle.
The alligator snapping turtle is heavily wounded.
The alligator snapping turtle bites you!!
You die...
Xom roars with laughter!

♣..♣.♣♣♣♣...♣♣♣
♣......... ...♣
♣..♣♣♣♣♣♣♣
♣♣........ ..
♣♣..♣♣
..........
♣♣..♣♣
♣..........
♣♣..♣♣
♣♣.........
♣..♣..♣
♣.........
♣..♣♣.†♣♣
......... ♣.♣
♣♣.†♣♣
......... ♣..
♣♣t@♣ ....##.#
♣.. ♣♣♣$.♣ ..#
### ♣. ♣♣..♣ .#
♣♣ ♣... ♣♣


You could see an alligator snapping turtle.

Vanquished Creatures
  The ghost of Softman25 the Demolition Dwarf, a journeyman DDFi of Makhleb (Lair:6)
  Josephine (Lair:5)
  4 hydras
  A two-headed ogre (D:6)
  An alligator (Lair:6)
  An unseen horror (D:11)
  A salamander (Lair:5)
  Joseph (D:9)
  4 black mambas
  A torpor snail (Lair:6)
  9 spiny frogs
  2 rime drakes (Lair:6)
  2 komodo dragons
  5 dream sheep (Lair:5)
  A redback (Lair:3)
  14 blink frogs
  9 hippogriffs
  3 wyverns
  3 wraiths (Lair:5)
  26 yaks
  Eustachio (D:6)
  A basilisk (Lair:2)
  The ghost of Meow the Conjurer, an amateur NaWz (Ossuary)
  A hungry ghost (D:11)
  11 swamp worms (Lair:3)
  A soldier ant (D:9)
  17 water moccasins
  2 orc warriors
  10 porcupines
  3 sky beasts
  2 black bears
  A necrophage (D:9)
  A phantom (D:3)
  8 ogres
  3 centaurs
  An elf zombie (Ossuary)
  17 crocodiles
  2 big kobolds
  15 bullfrogs
  A gnoll sergeant (D:11)
  4 scorpions
  9 killer bees
  12 wights
  2 electric eels (Lair:3)
  5 howler monkeys
  3 jellies
  2 bullfrog zombies
  2 centaur zombies
  5 crimson imps
  3 quasits
  2 human zombies (Ossuary)
  3 hounds
  8 orc priests
  A centaur skeleton (D:5)
  2 iguanas
  9 orc wizards
  10 worker ants
  A big kobold zombie (Ossuary)
  A hound skeleton (D:10)
  3 mummies
  2 worker ant zombies (D:10)
  3 gnolls (D:11)
  10 adders
  3 shadow imps
  An ooze (D:3)
  An adder zombie (Ossuary)
  7 worms
  3 dart slugs
  5 leopard geckos
  23 orcs
  3 giant cockroaches
  6 goblins
  4 hobgoblins
  18 jackals
  13 kobolds
  2 quokkas
  7 bats
  6 frilled lizards
  14 hobgoblin zombies
  8 kobold zombies (Ossuary)
  A leopard gecko skeleton (D:7)
  10 orc zombies (Ossuary)
  3 rats
  A rat zombie (Ossuary)
  A butterfly (Lair:5)
431 creatures vanquished.

Vanquished Creatures (collateral kills)
  A hydra (Lair:2)
  A two-headed ogre (D:9)
  A wind drake (Lair:4)
  A yak (Lair:6)
  Edmund (D:6)
  2 porcupines (D:10)
  A necrophage (D:6)
  An ogre (D:4)
  A bullfrog (Lair:3)
  A hound (D:6)
  An orc wizard (D:4)
  A dart slug (D:4)
  An orc (D:4)
  A leopard gecko skeleton (D:4)
15 creatures vanquished.

Vanquished Creatures (others)
  A yak (Lair:5)
  A worker ant (D:6)
  A ball lightning (Lair:6)
  A quokka (D:5)
  15 fungi
  5 plants
24 creatures vanquished.

Grand Total: 470 creatures vanquished

Notes
Turn   | Place    | Note
-------+----------+-------------------------------------------
     0 | D:1      | Softman25 the Minotaur Fighter began the quest for the Orb.
     0 | D:1      | Reached XP level 1. HP: 19/19 MP: 0/0
    29 | D:1      | Reached skill level 3 in Long Blades
    61 | D:1      | Reached XP level 2. HP: 27/27 MP: 1/1
   580 | D:2      | Found a faded altar of an unknown god.
   583 | D:2      | Reached XP level 3. HP: 33/33 MP: 2/2
   615 | D:2      | Became a worshipper of Xom of Chaos
   947 | D:2      | XOM: mild Erth miscast
  1138 | D:2      | Reached skill level 4 in Long Blades
  1155 | D:3      | Reached XP level 4. HP: 33/41 MP: 3/3
  1347 | D:3      | XOM: divination: detect items
  1427 | D:3      | XOM: harmless Tmut miscast
  1484 | D:3      | XOM: give mutations
  1484 | D:3      | Gained mutation: You are weak. (Str -2) [Xom's mischief]
  1484 | D:3      | Gained mutation: Scrolls take you a little longer to read. [Xom's mischief]
  1484 | D:3      | Gained mutation: You are very weak. (Str -4) [Xom's mischief]
  1484 | D:3      | Gained mutation: You are partially covered in iridescent scales. (AC +2) [Xom's mischief]
  1542 | D:3      | XOM is BORED!
  1542 | D:3      | XOM: give mutations
  1542 | D:3      | Gained mutation: You are frail. (-10% HP) [Xom's mischief]
  1574 | D:3      | Noticed a phantom
  1590 | D:3      | XOM: summons friendly crimson imp
  1624 | D:3      | Killed a phantom
  1624 | D:3      | Reached skill level 5 in Fighting
  1624 | D:3      | Reached skill level 5 in Long Blades
  1624 | D:3      | Reached XP level 5. HP: 28/43 MP: 4/4
  1633 | D:3      | Lost mutation: You are very weak. (Str -4) [potion of mutation]
  1633 | D:3      | Gained mutation: You are partially covered in thin metallic scales. (AC +2) [potion of mutation]
  1633 | D:3      | Lost mutation: You are frail. (-10% HP) [potion of mutation]
  1633 | D:3      | Gained mutation: You are surrounded by a mild repulsion field. (EV +2) [potion of mutation]
  2143 | D:4      | Noticed a centaur
  2153 | D:4      | Killed a centaur
  2153 | D:4      | Reached skill level 5 in Shields
  2153 | D:4      | Reached XP level 6. HP: 50/56 MP: 5/5
  2178 | D:4      | Reached skill level 6 in Long Blades
  2439 | D:5      | Entered Level 5 of the Dungeon
  2448 | D:4      | Reached XP level 7. HP: 44/62 MP: 6/6
  2452 | D:4      | Reached skill level 7 in Long Blades
  2742 | D:5      | Found a white marble altar of Elyvilon.
  2800 | D:5      | Found a staircase to the Ecumenical Temple.
  2864 | D:5      | Reached skill level 8 in Long Blades
  2962 | D:5      | XOM: god gift: scroll labeled ZIENYHEITO {god gift}
  3062 | D:5      | Reached XP level 8. HP: 71/71 MP: 7/7
  3142 | D:6      | XOM: god gift: glowing war axe {god gift}
  3205 | D:6      | XOM: smoke on damage
  3221 | D:6      | XOM: swap monsters
  3281 | D:6      | XOM: divination: detect creatures
  3282 | D:6      | XOM: summons 2 friendly demons
  3284 | D:6      | XOM: smoke on damage
  3296 | D:6      | Noticed Edmund
  3307 | D:6      | Killed Edmund
  3307 | D:6      | Reached skill level 9 in Long Blades
  3462 | D:6      | XOM: fake destruction
  3469 | D:6      | XOM: destruction
  3557 | D:6      | Noticed a two-headed ogre
  3567 | D:6      | XOM: confuse monster(s)
  3571 | D:6      | XOM: divination: detect items
  3574 | D:6      | Killed a two-headed ogre
  3574 | D:6      | Reached skill level 10 in Long Blades
  3574 | D:6      | Reached XP level 9. HP: 61/80 MP: 8/8
  3616 | D:6      | XOM: god gift: scroll of teleportation
  3863 | D:6      | XOM: confuse monster(s)
  3904 | D:6      | Reached skill level 11 in Long Blades
  3962 | D:6      | Noticed Eustachio
  3974 | D:6      | Killed Eustachio
  4611 | D:7      | Reached skill level 12 in Long Blades
  4802 | D:8      | XOM: summons friendly crimson imp
  4808 | D:8      | XOM: harmless Erth miscast
  4890 | D:8      | Found a sand-covered staircase.
  4898 | Ossuary  | Entered an ossuary
  4986 | Ossuary  | Noticed Meow's ghost (amateur NaWz)
  4996 | Ossuary  | Killed Meow's ghost
  5112 | Ossuary  | Reached XP level 10. HP: 90/90 MP: 9/9
  5137 | Ossuary  | Identified 2 scrolls of acquirement
  5140 | Ossuary  | Got a shimmering shield
  5151 | Ossuary  | Identified the +0 shield of the Big Bang {rF+ MR+ Str+4 Stlth+} (You acquired it in an ossuary)
  5975 | D:9      | Noticed Joseph
  5989 | D:9      | Killed Joseph
  6037 | D:9      | XOM: harmless Fire miscast
  6038 | D:9      | XOM: cleaving
  6050 | D:9      | XOM: mild Summ miscast
  6176 | D:9      | XOM: 4-stop teleportation journey
  6182 | D:9      | Reached skill level 13 in Long Blades
  6201 | D:9      | XOM: destruction
  6206 | D:9      | Reached skill level 10 in Shields
  6476 | D:9      | Noticed a two-headed ogre
  6478 | D:9      | XOM: confuse monster(s)
  6479 | D:9      | XOM: harmless Hex miscast
  6485 | D:9      | Killed a two-headed ogre
  6485 | D:9      | Reached skill level 10 in Fighting
  6661 | D:9      | Noticed Psyche
  6666 | D:9      | Noticed Psyche
  6666 | D:9      | Psyche changed into Psyche the soldier ant
  6666 | D:9      | XOM: polymorph Psyche -> Psyche the soldier ant
  6671 | D:9      | Killed Psyche the soldier ant
  6768 | D:9      | XOM: noise
  6769 | D:10     | Entered Level 10 of the Dungeon
  6828 | D:10     | Found a staircase to the Lair.
  6831 | D:10     | XOM: chaos cloud
  6839 | D:10     | XOM: polymorph porcupine -> worker ant
  6840 | D:10     | XOM: polymorph worker ant -> jelly
  7063 | D:10     | Reached skill level 14 in Long Blades
  7074 | D:10     | XOM: mild Pois miscast
  7160 | D:10     | Reached XP level 11. HP: 96/100 MP: 10/10
  7248 | D:10     | Reached skill level 1 in Dodging
  7269 | D:10     | Found Qeicer's Distillery.
  7275 | D:10     | Bought a potion of agility for 48 gold pieces
  7587 | D:11     | Noticed an unseen horror
  7590 | D:11     | Killed an unseen horror
  7680 | D:11     | XOM: medium Erth miscast
  7697 | D:11     | Reached skill level 5 in Armour
  8014 | D:11     | Noticed a four-headed hydra
  8043 | D:11     | XOM: potion effect (might)
  8454 | Lair:1   | Entered Level 1 of the Lair of Beasts
  8504 | Lair:1   | XOM: silly message
  8566 | Lair:1   | XOM: scenery: create altars
  8567 | Lair:1   | Got a warped leather armour
  8578 | Lair:1   | Identified the +1 leather armour of Follow the Leader {-Tele rElec rN++ SInv} (You found it on level 1 of the Lair of Beasts)
  9086 | Lair:1   | XOM: give mutations
  9086 | Lair:1   | Gained mutation: Your spells are a little harder to cast, but a little more powerful. [Xom's grace]
  9086 | Lair:1   | Gained mutation: Your mind is acute. (Int +2) [Xom's grace]
  9092 | Lair:1   | Identified Eblesyh's Easy Rites and Rhymes
  9325 | Lair:1   | XOM: god gift: leather armour {god gift}
  9334 | Lair:1   | XOM is BORED!
  9334 | Lair:1   | XOM: severe Conj miscast
  9661 | Lair:2   | XOM: 2-stop teleportation journey
  9723 | Lair:2   | Reached skill level 5 in Dodging
  9743 | Lair:2   | XOM: scenery: create altars
  9767 | Lair:2   | Noticed a six-headed hydra
  9776 | Lair:2   | XOM: summons friendly iron imp
  9782 | Lair:2   | XOM: cleaving
  9803 | Lair:2   | XOM: summons 11 friendly demons
  9806 | Lair:2   | Killed a ten-headed hydra
  9868 | Lair:2   | XOM: polymorph iron imp -> white imp
  9977 | Lair:2   | XOM: polymorph white imp -> ufetubus
 10087 | Lair:2   | XOM: god gift: large steel ring {god gift}
 10512 | Lair:3   | Noticed a seven-headed hydra
 10529 | Lair:3   | Killed a 17-headed hydra
 10534 | Lair:3   | Found a hole to the Spider Nest.
 10577 | Lair:3   | XOM: fog
 10750 | Lair:3   | XOM: give mutations
 10750 | Lair:3   | Gained mutation: Your system is resistant to poisons. (rPois) [Xom's grace]
 10750 | Lair:3   | Gained mutation: Your mind is very acute. (Int +4) [Xom's grace]
 10750 | Lair:3   | Gained mutation: Your flesh is cold resistant. (rC+) [Xom's grace]
 10887 | Lair:3   | XOM: fog
 10893 | Lair:3   | XOM: enchant monster (good)
 10911 | Lair:3   | XOM: summons 2 friendly demons
 10913 | Lair:3   | Reached XP level 12. HP: 94/109 MP: 11/11
 11216 | Lair:3   | Found a staircase to the Shoals.
 11669 | Lair:3   | XOM: scenery: create altars
 11678 | Lair:3   | XOM: scenery: create altars
 11816 | Lair:3   | XOM: potion effect (brilliance)
 11956 | Lair:3   | XOM: cloud trail
 12105 | Lair:4   | XOM: give mutation
 12105 | Lair:4   | Lost mutation: You are weak. (Str -2) [Xom's grace]
 12145 | Lair:4   | XOM: polymorph spiny frog -> wind drake
 12152 | Lair:4   | XOM: summons friendly ufetubus
 12367 | Lair:4   | Reached skill level 10 in Armour
 12541 | Lair:4   | XOM: severe Pois miscast
 12845 | Lair:4   | XOM: scenery: create altars
 12852 | Lair:4   | XOM: fake destruction
 13072 | Lair:4   | XOM: medium Air miscast
 13206 | Lair:5   | XOM: medium Chrm miscast
 13255 | Lair:5   | Noticed a six-headed hydra
 13261 | Lair:5   | XOM: confusion (+ monsters)
 13282 | Lair:5   | XOM: summons friendly iron imp
 13294 | Lair:5   | XOM: confuse monster(s)
 13306 | Lair:5   | Killed an 11-headed hydra
 13319 | Lair:5   | XOM: noise
 13321 | Lair:5   | XOM: potion effect (curing)
 13331 | Lair:5   | XOM: fog
 13407 | Lair:5   | Noticed Josephine
 13420 | Lair:5   | Killed Josephine
 13439 | Lair:5   | Found a white marble altar of Elyvilon.
 13469 | Lair:5   | XOM: polymorph spiny frog -> salamander
 13538 | Lair:5   | XOM: 1-stop teleportation journey
 13596 | Lair:5   | XOM: enchant monster (good)
 13601 | Lair:5   | XOM: enchant monster (bad)
 13622 | Lair:5   | XOM: smoke on damage
 13623 | Lair:5   | Reached skill level 10 in Dodging
 13640 | Lair:5   | XOM: divine lightning
 13698 | Lair:5   | Reached XP level 13. HP: 108/119 MP: 12/12
 13742 | Lair:5   | XOM: divination: magic mapping
 14039 | Lair:5   | XOM: harmless Ice miscast
 14068 | Lair:6   | Entered Level 6 of the Lair of Beasts
 14172 | Lair:6   | XOM: potion effect (agility)
 14208 | Lair:6   | Noticed Softman25's ghost (journeyman DDFi)
 14217 | Lair:6   | XOM: potion effect (curing)
 14235 | Lair:6   | XOM: harmless Ice miscast
 14427 | Lair:6   | XOM: harmless Fire miscast
 14640 | Lair:6   | XOM: harmless Conj miscast
 14676 | Lair:6   | XOM: cast spell 'Summon Butterflies'
 14684 | Lair:6   | Killed Softman25's ghost
 14890 | Lair:6   | XOM: cast spell 'Summon Mana Viper'
 14983 | Lair:6   | XOM: cast spell 'Monstrous Menagerie'
 14997 | Lair:6   | HP: 6/122 [poisoned by a spiny frog]
 15002 | Lair:6   | HP: 4/122 [poisoned by a spiny frog]
 15008 | Lair:6   | HP: 3/122 [poisoned by a spiny frog]
 15016 | Lair:6   | HP: 4/122 [poisoned by a spiny frog]
 15024 | Lair:6   | HP: 4/122 [poisoned by a spiny frog]
 15029 | Lair:6   | XOM: mild Chrm miscast
 15052 | Lair:6   | XOM: scenery: create altars
 15086 | Lair:6   | XOM: mild Conj miscast
 15179 | Lair:6   | XOM: harmless Tloc miscast
 15361 | Lair:6   | XOM: mild Summ miscast
 15368 | Lair:6   | XOM: severe Air miscast
 15376 | Lair:6   | Noticed a dire elephant
 15399 | Lair:6   | HP: 6/122 [dire elephant (3)]
 15400 | Lair:6   | a dire elephant changed into an alligator snapping turtle
 15400 | Lair:6   | XOM: polymorph dire elephant -> alligator snapping turtle
 15406 | Lair:6   | Mangled by an alligator snapping turtle

Skill      XL: |  1  2  3  4  5  6  7  8  9 10 11 12 13 |
---------------+----------------------------------------+-----
Long Blades    | 3 4 5 6 8 10 12 14 | 14.0
Fighting       | 4 5 6 7 9 10 11 12 13 | 13.2
Shields        | 4 5 6 8 9 10 | 10.7
Armour         | 8 11 12 | 12.7
Dodging        | 6 10 11 | 11.2

Action                   |  1- 3 |  4- 6 |  7- 9 | 10-12 | 13-15 || total
-------------------------+-------+-------+-------+-------+-------++-------
Melee: Long sword        |    62 |   147 |   148 |       |       ||   357
       Headbutt          |    16 |    26 |    61 |   190 |    62 ||   355
       Scimitar          |       |       |   162 |   775 |   173 ||  1110
Throw: Throwing net      |       |       |       |     1 |       ||     1
Evoke: Wand              |       |       |       |     1 |     5 ||     6
  Use: Scroll            |       |     7 |     7 |    19 |       ||    33
       Potion            |       |     1 |     2 |     7 |     6 ||    16
 Stab: Distracted        |       |       |     1 |       |       ||     1
       Confused          |       |       |     1 |     1 |       ||     2
       Invisible         |       |       |       |     4 |       ||     4
       Petrified         |       |       |       |     3 |       ||     3
  Eat: Chunk             |       |     5 |     6 |    18 |     2 ||    31
       Royal jelly       |       |       |     1 |       |       ||     1
       Bread ration      |       |       |       |     2 |       ||     2
       Fruit             |       |       |       |     5 |    11 ||    16
Armor: Scale mail        |    40 |    60 |    15 |       |       ||   115
       Chain mail        |       |       |    48 |   172 |    36 ||   256
       Skin              |       |       |     1 |     1 |    70 ||    72
Dodge: Dodged            |    31 |    62 |   110 |   354 |    86 ||   643
Block: Shield            |    51 |    71 |   129 |   382 |   107 ||   740
       Rpst.: Long sword |     6 |    18 |    18 |       |       ||    42
       Scimitar          |       |       |    12 |    62 |    19 ||    93
